 Dungeon Sprint DCSS version 0.30.1-4-g462c640d31 (webtiles) character file.

Game seed: 13493503521984883141

10129 Heoruswealwe the Evocator (level 11, -13/43 HPs)
             Began as a Spriggan Artificer on Aug 26, 2023.
             Was the Champion of Sif Muna.
             Killed by an exploding hog (35 damage)
             ... ignited by their inner flame
             ... in the Dungeon (Sprint I: "Red Sonja").
             The game lasted 00:24:04 (1018 turns).

Heoruswealwe the Evocator (Spriggan Artificer)      Turns: 1018, Time: 00:24:05

Health: -13/43     AC:  2    Str:  8    XL:     11   Next: 32%
Magic:  12/12      EV: 31    Int: 16    God:    Sif Muna [******]
Gold:   624        SH:  0    Dex: 17    Spells: 10/10 levels left

rFire   . . .        a - +0 dagger
rCold   . . .        (no shield)
rNeg    . . .        c - +0 robe
rPois   .            (helmet restricted)
rElec   .            (no cloak)
rCorr   .            (gloves unavailable)
SInv    +            (boots unavailable)
Will    +....        (no amulet)
Stlth   ++++++++     (no ring)
HPRegen 0.27/turn    (no ring)
MPRegen 0.13/turn

%: no teleportation
@: very quick
A: very small, no large weapons, unfitting armour, see invisible, speed 3, frail
1
a: Renounce Religion, Channel Magic, Forget Spell, Divine Exegesis


You were in the Dungeon.
You worshipped Sif Muna.
Sif Muna was exalted by your worship.
You visited 1 branch You collected 1501 gold pieces.
You spent 877 gold pieces at shops.

Inventory:

Hand Weapons
 a - a +0 dagger (weapon)
 o - a +2 dagger of flaming
Armour
 c - a +0 robe (worn)
Wands
 d - a wand of charming (1)
 l - a wand of mindburst (4)
 q - a wand of polymorph (13)
 y - a wand of iceblast (3)
Scrolls
 b - a scroll of enchant armour
 e - 2 scrolls of amnesia
 k - a scroll of blinking
 m - a scroll of poison
 p - a scroll of magic mapping
 r - a scroll of fog
 s - 2 scrolls of summoning
 v - a scroll of immolation
 A - a scroll of silence
Potions
 f - 3 potions of curing
 h - 2 potions of haste
 i - 2 potions of magic
 j - a potion of berserk rage
 n - 2 potions of attraction
 t - a potion of cancellation
 w - 2 potions of brilliance
 x - a potion of invisibility
 z - a potion of mutation


   Skills:
 - Level 0.7 Fighting
 + Level 18.4 Dodging
 + Level 21.2 Stealth
 * Level 24.9 Evocations


You had 10 spell levels left.
You didn't know any spells.
Your spell library contained the following spells:

 Spells                   Type           Power      Damage    Failure   Level
 Kiss of Death            Conj/Necr      0%         2d5       26%         1
 Slow                     Hex            0%         N/A       26%         1
 Momentum Strike          Conj/Tloc      0%         3d8       36%         2
 Inner Flame              Hex/Fire       0%         N/A       58%         3
 Ice Form                 Ice/Tmut       0%         N/A       94%         4
 Olgreb's Toxic Radiance  Pois           0%         N/A       94%         4
 Alistair's Intoxication  Tmut/Pois      0%         N/A       100%        5
 Metabolic Englaciation   Hex/Ice        0%         N/A       100%        5
 Eringya's Noxious Bog    Tmut/Pois      0%         N/A       100%        6
 Iron Shot                Conj/Erth      0%         9d1       100%        6
 Spellforged Servitor     Conj/Summ      0%         N/A       100%        7
 Discord                  Hex            0%         N/A       100%        8


Dungeon Overview and Level Annotations

Branches:
Dungeon (1/1)

Altars:
Cheibriados
Dithmenos
Elyvilon
Fedhas
Gozag
Hepliaklqana
Kikubaaqudgha
Makhleb
Nemelex Xobeh
Okawaru
Qazlal
Ru
Sif Muna
Trog
Uskayaw
Vehumet
Wu Jian
Xom
Yredelemnul
Zin
The Shining One
Jiyva
Lugonu

Shops:
D **?[:(!(**[?!!(*?=[[*


Innate Abilities, Weirdness & Mutations

You are very small and have problems with some larger weapons.
You are too small for most types of armour.
You have supernaturally acute eyesight. (SInv)
You cover ground extremely quickly. (Speed+++)
You are frail. (-10% HP)


Message History

The hog completely misses you.
You hit the hog.
Flame seeps out of the hog.
The hog is almost dead.
The hog is engulfed in blazing flames.
Sif Muna accepts your kill.
The hog explodes!
The fiery explosion engulfs you!!
The fiery explosion engulfs the hog!!
Flame seeps out of the hog.
The hog is severely wounded.
The fiery explosion engulfs the hog!!
Flame seeps out of the hog.
The hog is almost dead.
You hit the hog but do no damage.
The hog is severely wounded.
The hog completely misses you. The hog misses you.
You hit the hog but do no damage.
The hog is severely wounded.
The hog completely misses you.
You hit the hog.
Flame seeps out of the hog.
The hog is severely wounded.
The hog misses you.
You hit the hog but do no damage.
The hog is severely wounded.
The hog completely misses you.
You closely miss the hog. You punch the hog, but do no damage.
The hog is severely wounded.
The hog completely misses you. The hog barely misses you.
You hit the hog but do no damage.
The hog is severely wounded.
The hog completely misses you.
You completely miss the hog.
The hog is severely wounded.
The hog closely misses you.
You hit the hog.
Flame seeps out of the hog.
The hog is almost dead.
The hog is engulfed in blazing flames.
Sif Muna accepts your kill.
The hog explodes!
The fiery explosion engulfs you!!
Ouch! That really hurt!
You die...

########################*********
__#..')..#).#§§§@○hhhh§.+,,*,,+,,
..'..#)..##'#§####hhhh§#*,,+,,*,,
__####...'..#§#,***hhh##*****+*,,
###§§#####..+§#+*,**#+#,,,**,,*,,
~~§§§#..##+####,,,*,*,**,,,*,,**,
)§§..+..#,,,,,*,,,***,,***,*,,~**
~~~§.#..#,,,,,+,,,,,**,*,*,*,,~,,
#+#####'###,,,*,,,,,*,,***,*,,~,*
....###.+.#,,,***++**,**,,,*,,~**


You could see 5 hogs.

Vanquished Creatures
  2 centaur warriors (D)
  Sonja (D)
  A deep troll (D)
  A lindwurm (D)
  2 shining eyes (D)
  A demonic crawler (D)
  2 kobold demonologists (D)
  A slime creature (D)
  Sigmund (D)
  A yak (D)
  2 hogs (D)
  2 floating eyes (D)
  An ogre (D)
  A jelly (D)
  Ijyb (D)
  A ball python (D)
  A ballistomycete spore (D)
22 creatures vanquished.

Vanquished Creatures (collateral kills)
  An oklob plant (D)
  6 shining eyes (D)
  2 unseen horrors (D)
  A hornet (D)
  2 redbacks (D)
  4 floating eyes (D)
  7 necrophages (D)
  6 jellies (D)
29 creatures vanquished.

Vanquished Creatures (others)
  3 demonic crawlers (D)
  A ballistomycete spore (D)
4 creatures vanquished.

Grand Total: 55 creatures vanquished

Notes
Turn   | Place    | Note
-------+----------+-------------------------------------------
     0 | D        | Heoruswealwe the Spriggan Artificer began the quest for the
                  | Orb.
     0 | D        | Reached XP level 1. HP: 9/9 MP: 2/2
     1 | D        | Noticed Ijyb
     6 | D        | Killed Ijyb
     7 | D        | Reached skill level 5 in Dodging
     7 | D        | Reached skill level 6 in Evocations
     7 | D        | Reached XP level 2. HP: 2/14 MP: 3/3
    64 | D        | Noticed an ogre
    66 | D        | Killed an ogre
    67 | D        | Reached skill level 9 in Evocations
    67 | D        | Reached XP level 3. HP: 17/17 MP: 4/4
    67 | D        | Reached XP level 4. HP: 21/21 MP: 5/5
    78 | D        | Noticed Sigmund
    80 | D        | Killed Sigmund
    81 | D        | Reached skill level 12 in Evocations
    81 | D        | Reached XP level 5. HP: 25/25 MP: 6/6
    81 | D        | Reached XP level 6. HP: 29/29 MP: 7/7
    94 | D        | Found an ornate altar of the Wu Jian Council.
    94 | D        | Found a shimmering blue altar of Sif Muna.
    98 | D        | Reached skill level 10 in Stealth
    98 | D        | Found a radiant altar of Vehumet.
   102 | D        | Became a worshipper of Sif Muna the Loreminder
   124 | D        | Found Jissiam's Armour Emporium.
   124 | D        | Found an ancient bone altar of Kikubaaqudgha.
   124 | D        | Found a hazy altar of Hepliaklqana.
   124 | D        | Found a stormy altar of Qazlal.
   124 | D        | Found a hide-covered altar of Uskayaw.
   124 | D        | Found a blossoming altar of Fedhas.
   124 | D        | Found a bloodstained altar of Trog.
   124 | D        | Found an iron altar of Okawaru.
   124 | D        | Found a basalt altar of Yredelemnul.
   124 | D        | Found a glowing golden altar of the Shining One.
   124 | D        | Found a snail-covered altar of Cheibriados.
   124 | D        | Found a sacrificial altar of Ru.
   124 | D        | Found a glowing silver altar of Zin.
   124 | D        | Found a shadowy altar of Dithmenos.
   124 | D        | Found a white marble altar of Elyvilon.
   124 | D        | Noticed a yak
   129 | D        | Killed a yak
   130 | D        | Reached skill level 10 in Dodging
   130 | D        | Reached skill level 13 in Evocations
   133 | D        | Found an opulent altar of Gozag.
   134 | D        | Found a sparkling altar of Nemelex Xobeh.
   149 | D        | Found a burning altar of Makhleb.
   149 | D        | Found a viscous altar of Jiyva.
   149 | D        | Found a shimmering altar of Xom.
   149 | D        | Found a corrupted altar of Lugonu.
   149 | D        | Noticed a slime creature
   159 | D        | Killed a slime creature
   160 | D        | Reached skill level 14 in Evocations
   160 | D        | Reached XP level 7. HP: 32/32 MP: 8/8
   180 | D        | Noticed a kobold demonologist
   180 | D        | Noticed a kobold demonologist
   181 | D        | Reached * piety under Sif Muna
   182 | D        | Reached skill level 15 in Evocations
   182 | D        | Killed a kobold demonologist
   182 | D        | Killed a kobold demonologist
   183 | D        | Reached skill level 16 in Evocations
   183 | D        | Reached XP level 8. HP: 37/37 MP: 9/9
   199 | D        | Noticed Sonja
   200 | D        | Killed Sonja
   200 | D        | Reached ** piety under Sif Muna
   201 | D        | Reached skill level 15 in Stealth
   201 | D        | Reached skill level 18 in Evocations
   288 | D        | Found Finut's General Store.
   296 | D        | Bought a scroll of identify for 28 gold pieces
   296 | D        | Bought a scroll of identify for 28 gold pieces
   318 | D        | Noticed a centaur warrior
   318 | D        | Noticed a centaur warrior
   324 | D        | Killed a centaur warrior
   325 | D        | Reached skill level 19 in Evocations
   325 | D        | Reached XP level 9. HP: 40/40 MP: 10/10
   327 | D        | Killed a centaur warrior
   328 | D        | Reached skill level 20 in Evocations
   369 | D        | Noticed a deep troll
   386 | D        | Noticed a shining eye
   386 | D        | Noticed a shining eye
   386 | D        | Noticed a shining eye
   389 | D        | Reached *** piety under Sif Muna
   394 | D        | Killed a shining eye
   395 | D        | Reached skill level 15 in Dodging
   403 | D        | Noticed a shining eye
   417 | D        | Killed a shining eye
   418 | D        | Reached skill level 21 in Evocations
   422 | D        | Noticed a shining eye
   429 | D        | Killed a shining eye
   429 | D        | Reached **** piety under Sif Muna
   430 | D        | Reached XP level 10. HP: 44/44 MP: 11/11
   444 | D        | Gained mutation: You are frail. (-10% HP) [a shining eye]
   450 | D        | Killed a shining eye
   461 | D        | Killed a shining eye
   461 | D        | Noticed a shining eye
   462 | D        | Reached skill level 22 in Evocations
   466 | D        | Killed a shining eye
   467 | D        | Noticed a shining eye
   478 | D        | Killed a shining eye
   484 | D        | Killed a shining eye
   484 | D        | Reached ***** piety under Sif Muna
   486 | D        | Paralysed by a floating eye for 2 turns
   499 | D        | Found Ciking's Assorted Antiques.
   499 | D        | Found Qiezuqul's Book Shop.
   499 | D        | Found Poatsaz's Magic Scroll Emporium.
   499 | D        | Found Zocaekh's Weapon Boutique.
   504 | D        | Bought a scroll labelled OGECAIH HAHIA for 27 gold pieces
   504 | D        | Bought a scroll labelled HOACLI IPIU for 27 gold pieces
   504 | D        | Bought a coppery potion for 24 gold pieces
   504 | D        | Bought a coppery potion for 24 gold pieces
   506 | D        | Bought a scroll of identify for 28 gold pieces
   506 | D        | Bought a scroll of magic mapping for 105 gold pieces
   506 | D        | Bought a scroll of identify for 28 gold pieces
   536 | D        | Killed a deep troll
   537 | D        | Reached skill level 23 in Evocations
   549 | D        | Found Enuffupt's Armour Emporium.
   586 | D        | Noticed a demonic crawler
   586 | D        | Noticed a demonic crawler
   586 | D        | Noticed a demonic crawler
   586 | D        | Noticed a demonic crawler
   636 | D        | Noticed an oklob plant
   638 | D        | Killed an oklob plant
   638 | D        | Received a gift from Sif Muna
   639 | D        | Reached XP level 11. HP: 38/43 MP: 12/12
   639 | D        | Got Sif Muna's Guidebook on Fascination and the Spider {god
                  | gift}
   683 | D        | Reached skill level 24 in Evocations
   700 | D        | Received a gift from Sif Muna
   726 | D        | Reached ****** piety under Sif Muna
   734 | D        | Received a gift from Sif Muna
   740 | D        | Got Sif Muna's Quarto of Points and Shaping {god gift}
   749 | D        | Got Sif Muna's Compendium of Coruscating Evolution {god
                  | gift}
   760 | D        | Identified the +0 scale mail of Weightlessness {rF+ rC+ rN+
                  | Str+4 Int-3}
   821 | D        | Found Ryushero's Jewellery Boutique.
   821 | D        | Found Peigro Fufyn's Assorted Antiques.
   821 | D        | Found Reshrebiedgh's Armour Emporium.
   827 | D        | Found Yzagyr's Weapon Shoppe.
   827 | D        | Found Sulayf's Distillery.
   827 | D        | Found Nuddameig's General Store.
   834 | D        | Found Tair's Magic Scroll Boutique.
   834 | D        | Found Georr's General Store.
   834 | D        | Found Immol's Weapon Shop.
   834 | D        | Found Qaulaur Kyso's Distillery.
   834 | D        | Found Edoenk's Distillery.
   834 | D        | Found Ikotal's Magic Scroll Shoppe.
   834 | D        | Found Odumun's Armour Shop.
   836 | D        | Bought a scroll labelled UVEMEM LURUTZ for 22 gold pieces
   836 | D        | Bought an orange potion for 19 gold pieces
   836 | D        | Bought a scroll of identify for 44 gold pieces
   836 | D        | Bought a scroll labelled TAPTOD BEDUM for 22 gold pieces
   836 | D        | Bought a white potion for 19 gold pieces
   836 | D        | Bought a scroll labelled TAPTOD BEDUM for 22 gold pieces
   836 | D        | Bought an inky potion for 19 gold pieces
   836 | D        | Bought a smoky red potion for 19 gold pieces
   836 | D        | Bought a white potion for 19 gold pieces
   838 | D        | Found Riedy's Assorted Antiques.
   839 | D        | Bought a scroll of identify for 24 gold pieces
   839 | D        | Bought a scroll of identify for 24 gold pieces
   839 | D        | Bought a scroll of identify for 24 gold pieces
   840 | D        | Bought a wand of iceblast (3) for 72 gold pieces
   844 | D        | Bought a scroll of identify for 24 gold pieces
   844 | D        | Bought a scroll of identify for 24 gold pieces
   844 | D        | Bought a scroll of identify for 24 gold pieces
   844 | D        | Bought a scroll of summoning for 114 gold pieces
   846 | D        | Bought a scroll labelled BEWNUABBEI for 23 gold pieces
   958 | D        | Noticed a lindwurm
   959 | D        | Killed a lindwurm
  1018 | D        | Killed by an exploding hog... ignited by their inner flame

Illustrated notes

Levels and vault maps discovered:
D:        dungeon_sprint_1 [red_sonja_temple_1, red_sonja_temple_small_1]

Skill      XL: |  1  2  3  4  5  6  7  8  9 10 11 |
---------------+----------------------------------+-----
Dodging        | 5 6 8 10 12 14 15 17 18 | 18.4
Stealth        | 4 7 9 12 14 16 18 20 21 | 21.2
Evocations     | 6 9 12 14 16 19 21 23 24 | 24.9
Fighting       | |  0.7

Action                     |  1- 3 |  4- 6 |  7- 9 | 10-12 || total
---------------------------+-------+-------+-------+-------++-------
  Melee: Dagger            |       |       |     1 |    56 ||    57
         Punch             |       |       |       |     1 ||     1
  Evoke: Wand              |     7 |    10 |    15 |    18 ||    50
    Use: Scroll            |       |       |     2 |    12 ||    14
         Potion            |       |       |       |     2 ||     2
   Stab: Sleeping          |       |       |     1 |     1 ||     2
 Armour: Robe              |       |       |       |     1 ||     1
  Dodge: Dodged            |       |       |     1 |    60 ||    61
